[Event "Titled Tuesday Blitz March 14 Early 2023"]
[White "ArtemDyachuk"]
[Black "polandchessplayer"]
[WhiteElo "2374"]
[BlackElo "2603"]
[Result "0-1"]
[Round "02"]
[TimeControl "180+2"]
[Date "2023.03.14"]
[WhiteClock "0:00:02"]
[BlackClock "0:01:25"]

1. Nf3 Nf6 2. c4 g6 3. b3 Bg7 4. Bb2 O-O 5. e3 c6 6. Nc3 d5 7. cxd5 cxd5 8. d4 Nc6 9. Bd3 Bf5 10. a3 Ne4 11. Qc2 Rc8 12. Rc1 e5 13. Qb1 exd4 14. Nxe4 dxe4 15. Bxe4 dxe3 16. Bxf5 exf2+ 17. Kxf2 gxf5 18. Bxg7 Kxg7 19. Qxf5 Qf6 20. Qh5 Qg6 21. Qh4 Rcd8 22. Rhd1 h6 23. b4 a6 24. Rxc6 Qxc6 25. Rxd8 Qc2+ 26. Kg3 Qg6+ 27. Kf2 Qc2+ 28. Rd2 Qc1 29. Qd4+ Kh7 30. Qe4+ Kg8 31. h4 Rc8 32. Kg3 Qc3 33. Rd7 Qf6 34. Qg4+ Kf8 35. Rxf7+ Kxf7 36. Qxc8 Qd6+ 37. Kh3 Qd1 38. Qf5+ Ke7 39. Ne5 Qh1+ 40. Kg3 Qe1+ 41. Kg4 Qe2+ 42. Kf4 Qf2+ 43. Nf3 Qxg2 44. Qe4+ Kd6 45. Qxb7 Qh1 46. Qxa6+ Kc7 47. Qa7+ Kc8 48. Qa8+ Kc7 49. Qa7+ Kc8 50. Qe3 h5 51. b5 Kb7 52. a4 Qa1 53. Qe4+ Kc8 54. Qc6+ Kd8 55. Ne5 Qd4+ 56. Kf5 Qf2+ 57. Kg6 Qg3+ 58. Kh7 Qxe5 59. Qg6 Qe7+ 60. Qg7 Qxh4 61. b6 Qe4+ 62. Kh6 Qc6+ 63. Qg6 Qxg6+ 64. Kxg6 h4 65. a5 Kc8 66. a6 h3 67. Kf6 h2 68. Ke6 h1=Q 69. Kd6 Qe4 70. Kc5 Kb8 71. Kb5 Qe5+ 72. Kb4 Qd5 73. Ka4 Qc5 0-1


[Site "https://www.chess.com"]

[Event "Titled Tuesday Blitz March 14 Early 2023"]
[White "Mirzanurov, Bulat"]
[Black "Ahn, Hongjin"]
[WhiteFideId "4184521"]
[BlackFideId "13201492"]
[WhiteElo "2019"]
[BlackElo "2182"]
[Result "1-0"]
[Round "02"]
[TimeControl "180+2"]
[Date "2023.03.14"]
[WhiteClock "0:00:07"]
[BlackClock "0:00:01"]

1. e4 d6 2. d4 Nf6 3. Nc3 g6 4. Be3 Nc6 5. Qd2 e5 6. Nf3 Qe7 7. O-O-O Bg4 8. Bb5 Bxf3 9. gxf3 a6 10. Ba4 exd4 11. Bxd4 O-O-O 12. Bxc6 bxc6 13. Qg5 Bg7 14. Qa5 Kb7 15. Qb4+ Ka8 16. e5 Nd5 17. Nxd5 cxd5 18. exd6 Qg5+ 19. Kb1 Rb8 20. Qa5 Bxd4 21. Rxd4 Rb6 22. Qxd5+ Qxd5 23. Rxd5 cxd6 24. Rhd1 Rhb8 25. b3 Rd8 26. c4 Rc6 27. c5 Re8 28. cxd6 Rd8 29. Kb2 Kb7 30. b4 Kb6 31. Kb3 Rd7 32. a4 Rc8 33. b5 a5 34. Re5 Rcd8 35. Re7 Rxd6 36. Rxd6+ Rxd6 37. Rxf7 h5 38. Rg7 Rf6 39. Kc4 Rf4+ 40. Kd5 Rf6 41. f4 Rxf4 42. Rxg6+ Kb7 43. Rg5 h4 44. Rh5 Rxa4 45. Kc5 Rf4 46. Rh7+ Kb8 47. Kb6 Rf6+ 48. Kxa5 Rxf2 49. Rxh4 Kb7 50. Rh7+ Kb8 51. Ka6 Rf8 52. b6 Rg8 53. h4 Ka8 54. h5 Kb8 55. Rf7 Rh8 56. h6 Kc8 57. h7 Kb8 58. Rg7 1-0


[Site "https://www.chess.com"]

[Event "Titled Tuesday Blitz March 14 Early 2023"]
[White "Tarasova, Viktoriya"]
[Black "Vlassov, Nikolai"]
[WhiteFideId "4175840"]
[BlackFideId "4103360"]
[WhiteElo "2182"]
[BlackElo "2324"]
[Result "0-1"]
[Round "02"]
[TimeControl "180+2"]
[Date "2023.03.14"]
[WhiteClock "0:00:29"]
[BlackClock "0:00:43"]

1. d4 Nf6 2. c4 Nc6 3. d5 Ne5 4. Qd4 Ng6 5. e4 e5 6. dxe6 fxe6 7. e5 Bb4+ 8. Bd2 c5 9. Qe3 Ng4 10. Qg3 N4xe5 11. a3 Bxd2+ 12. Nxd2 O-O 13. O-O-O d5 14. h4 b5 15. h5 Nf4 16. cxb5 c4 17. Kb1 Qf6 18. Qc3 Rb8 19. Ngf3 Ng4 20. Qxf6 Rxf6 21. Re1 Nxf2 22. Rg1 N2d3 23. Bxd3 Nxd3 24. Re2 Rxb5 0-1


[Site "https://www.chess.com"]

[Event "Titled Tuesday Blitz March 14 Early 2023"]
[White "Jeet, Jain"]
[Black "Fernandez Siles, Luis"]
[WhiteFideId "5073022"]
[BlackFideId "2209420"]
[WhiteElo "2067"]
[BlackElo "2186"]
[Result "1-0"]
[Round "02"]
[TimeControl "180+2"]
[Date "2023.03.14"]
[WhiteClock "0:00:27"]
[BlackClock "0:00:01"]

1. c4 e5 2. Nc3 Nf6 3. g3 c6 4. Bg2 d5 5. cxd5 cxd5 6. d4 e4 7. Bg5 Be6 8. Qb3 Nc6 9. Bxf6 gxf6 10. e3 Bd6 11. Nge2 O-O 12. O-O Nb4 13. f3 f5 14. a3 Nd3 15. fxe4 fxe4 16. Nc1 Nxc1 17. Raxc1 Qg5 18. Ne2 Rac8 19. Rxc8 Rxc8 20. Nf4 Bxf4 21. Rxf4 Rc1+ 22. Kf2 h5 23. Qxb7 Rc2+ 24. Kf1 Rc1+ 25. Ke2 Rc2+ 26. Kf1 Rc1+ 27. Kf2 Rc2+ 28. Kg1 Rc1+ 29. Bf1 Bh3 30. Qb8+ Kg7 31. Qe5+ Qxe5 32. dxe5 Re1 33. a4 Bxf1 34. Rxf1 Rxe3 35. Rd1 Rb3 36. Rxd5 Rxb2 37. Ra5 e3 38. Kf1 Rxh2 39. Rxa7 Kg6 40. a5 Kf5 41. Rxf7+ Ke4 42. e6 Kd3 43. Rd7+ Ke4 44. e7 Kf3 45. Kg1 Rg2+ 46. Kh1 1-0


[Site "https://www.chess.com"]

[Event "Titled Tuesday Blitz March 14 Early 2023"]
[White "Bennett, Patrick"]
[Black "Turgut, Aydin"]
[WhiteFideId "1801228"]
[BlackFideId "2078791"]
[WhiteElo "2368"]
[BlackElo "2259"]
[Result "0-1"]
[Round "02"]
[TimeControl "180+2"]
[Date "2023.03.14"]
[WhiteClock "0:01:13"]
[BlackClock "0:00:52"]

1. d4 d5 2. c4 e6 3. Nc3 Bb4 4. Bd2 Nf6 5. e3 O-O 6. Nf3 c5 7. cxd5 cxd4 8. Nxd4 exd5 9. Bd3 Nc6 10. Nxc6 bxc6 11. O-O Rb8 12. Qc2 Bd6 13. f4 Re8 14. Rae1 h5 15. b3 Ng4 16. h3 Nf6 17. Na4 Ne4 18. Bxe4 Rxe4 19. Qxc6 Bb7 20. Qc1 Rc8 21. Qb2 h4 22. Bc3 f6 23. Bd4 Ba6 24. Rf2 Qe7 25. Nc3 Rxd4 26. Rd2 Rxd2 27. Qxd2 Rxc3 28. Qxc3 Bb4 29. Qc1 Bxe1 30. Qxe1 d4 31. e4 d3 32. e5 fxe5 33. fxe5 Qc5+ 34. Kh2 Qd5 0-1


[Site "https://www.chess.com"]

[Event "Titled Tuesday Blitz March 14 Early 2023"]
[White "Fiorito, Joaquin"]
[Black "Fathy, Elameir"]
[WhiteFideId "180173"]
[BlackFideId "10600396"]
[WhiteElo "2157"]
[BlackElo "2311"]
[Result "1-0"]
[Round "02"]
[TimeControl "180+2"]
[Date "2023.03.14"]
[WhiteClock "0:00:11"]
[BlackClock "0:00:01"]

1. d4 d5 2. c4 e6 3. Nf3 c6 4. e3 Nf6 5. Nbd2 Bd6 6. Bd3 Nbd7 7. O-O O-O 8. b3 Qe7 9. e4 e5 10. Re1 dxe4 11. Nxe4 exd4 12. Bb2 Ne5 13. Nxd4 Nxd3 14. Qxd3 Nxe4 15. Rxe4 Qf6 16. Bc3 Qg6 17. Rae1 a6 18. R4e3 Qxd3 19. Rxd3 Bc5 20. h3 Bxd4 21. Rxd4 Be6 22. Red1 a5 23. g4 a4 24. Bb4 Rfe8 25. f4 axb3 26. axb3 g6 27. R4d2 b5 28. Rc1 bxc4 29. bxc4 Ra4 30. Rb2 Rb8 31. Bc3 Rxb2 32. Bxb2 Rxc4 33. Ra1 f5 34. Ra8+ Kf7 35. Ra7+ Ke8 36. Bf6 Rc1+ 37. Kf2 Rc2+ 38. Kg3 fxg4 39. Re7+ Kf8 40. Rxe6 gxh3 41. Kxh3 Kf7 42. Rd6 Rc4 43. Be5 h5 44. Kh4 c5 45. Kg5 Rc2 46. Rf6+ Ke7 47. Kxg6 Rg2+ 48. Kf5 c4 49. Rc6 Rc2 50. Rc7+ Kd8 51. Ke6 h4 52. Rh7 c3 53. Rh8# 1-0


[Site "https://www.chess.com"]

[Event "Titled Tuesday Blitz March 14 Early 2023"]
[White "Alahakoon, Isuru"]
[Black "Melikyan, Gnel"]
[WhiteFideId "9900993"]
[BlackFideId "54109990"]
[WhiteElo "1995"]
[BlackElo "2138"]
[Result "0-1"]
[Round "02"]
[TimeControl "180+2"]
[Date "2023.03.14"]
[WhiteClock "0:00:08"]
[BlackClock "0:00:48"]

1. Nf3 Na6 2. d4 c5 3. e4 b6 4. Nc3 cxd4 5. Nxd4 Nc5 6. Be3 Bb7 7. f3 g6 8. Be2 Bg7 9. O-O Nf6 10. Qd2 h5 11. b4 Ne6 12. Nxe6 dxe6 13. Rad1 O-O 14. Qe1 Qc8 15. Bd4 Rd8 16. Kh1 Qc6 17. Qf2 Rac8 18. Rd2 e5 19. Bb5 Qc7 20. Nd5 Nxd5 21. Ba1 Nxb4 22. Rfd1 a6 23. Bf1 Rxd2 24. Qxd2 Nc6 25. Qd7 Qxd7 26. Rxd7 Rd8 27. Rxb7 Rd1 28. Kg1 Bh6 29. Kf2 Rxa1 30. Rxb6 Nd4 31. c3 Rxa2+ 32. Kg3 Bf4+ 33. Kh3 Nxf3 34. g3 Rxh2# 0-1


[Site "https://www.chess.com"]

[Event "Titled Tuesday Blitz March 14 Early 2023"]
[White "Nurmanova, Alua"]
[Black "Mazibuko, Khanya"]
[WhiteFideId "13729390"]
[BlackFideId "14321041"]
[WhiteElo "2253"]
[BlackElo "1873"]
[Result "1-0"]
[Round "02"]
[TimeControl "180+2"]
[Date "2023.03.14"]
[WhiteClock "0:00:41"]
[BlackClock "0:00:53"]

1. e4 e5 2. Nf3 Nc6 3. Bb5 a6 4. Ba4 Nf6 5. O-O Be7 6. Re1 b5 7. Bb3 O-O 8. d3 d6 9. c3 Na5 10. Bc2 c5 11. Nbd2 Nc6 12. a4 Rb8 13. Nf1 Re8 14. Ng3 Bf8 15. axb5 axb5 16. Bb3 h6 17. Nh4 d5 18. exd5 Nxd5 19. Nhf5 Nf4 20. Qf3 Qxd3 21. Qxc6 Bxf5 22. Bxf4 Rec8 23. Qd5 c4 24. Qxe5 Bg6 25. Rad1 Re8 26. Rxd3 Rxe5 27. Bxe5 Re8 28. Rde3 cxb3 29. Bd4 1-0


[Site "https://www.chess.com"]

[Event "Titled Tuesday Blitz March 14 Early 2023"]
[White "Sahil, Tickoo"]
[Black "Bews, Steven"]
[WhiteFideId "5019710"]
[BlackFideId "2400529"]
[WhiteElo "2086"]
[BlackElo "2575"]
[Result "0-1"]
[Round "02"]
[TimeControl "180+2"]
[Date "2023.03.14"]
[WhiteClock "0:00:16"]
[BlackClock "0:01:31"]

1. d4 Nf6 2. Bf4 d5 3. e3 e6 4. Nd2 c5 5. c3 Nc6 6. Ngf3 cxd4 7. exd4 Nh5 8. Be3 Bd6 9. Bd3 Nf4 10. Bxf4 Bxf4 11. O-O O-O 12. Re1 Qc7 13. g3 Bd6 14. Rc1 a6 15. a3 b5 16. Nf1 f5 17. Ne3 f4 18. Ng4 fxg3 19. hxg3 Bd7 20. Nge5 Bxe5 21. Nxe5 Rf6 22. Qh5 g6 23. Qh4 Raf8 24. Rc2 Nxe5 25. Rxe5 Rf3 26. Rd2 a5 27. Rg5 R8f6 28. Bf1 b4 29. axb4 axb4 30. cxb4 Qc1 31. Re2 Bb5 32. Rge5 Bxe2 33. Rxe2 Kg7 34. b5 Rb3 35. Kg2 Rxb2 36. Qg4 h5 0-1


[Site "https://www.chess.com"]

[Event "Titled Tuesday Blitz March 14 Early 2023"]
[White "Karttunen, Mika"]
[Black "Coelho, Ramyres Santana"]
[WhiteFideId "502081"]
[BlackFideId "2120690"]
[WhiteElo "2396"]
[BlackElo "1888"]
[Result "1-0"]
[Round "02"]
[TimeControl "180+2"]
[Date "2023.03.14"]
[WhiteClock "0:00:07"]
[BlackClock "0:00:03"]

1. d4 Nf6 2. c4 g6 3. Nc3 d5 4. cxd5 Nxd5 5. e4 Nxc3 6. bxc3 Bg7 7. Be3 O-O 8. Qd2 c5 9. Nf3 cxd4 10. cxd4 Nc6 11. Rd1 Bg4 12. d5 Bxf3 13. gxf3 Ne5 14. Be2 Rc8 15. O-O Qd7 16. Kg2 Nc4 17. Bxc4 Rxc4 18. h3 f5 19. d6 fxe4 20. Qd5+ Kh8 21. f4 Rc6 22. Qxe4 exd6 23. Rd5 Re8 24. Qd3 Rc3 25. Qb5 Qe7 26. Rfd1 Qe4+ 27. Kh2 Rxe3 28. fxe3 Qxe3 29. Qf1 Bh6 30. R5d4 Rf8 31. R1d3 Qe6 32. Rf3 Qxa2+ 33. Kh1 Qe6 34. Qd3 Qe1+ 35. Rf1 Qh4 36. f5 Qf6 37. Rxd6 Qf7 38. f6 b6 39. Rd7 Qe6 40. f7 Qc6+ 41. Qd5 Qc3 42. Qf3 Qc4 43. Qf6+ Bg7 44. Qf3 Qb5 45. Rxa7 Qc4 46. Ra8 Qc5 47. Rxf8+ Qxf8 48. Qd5 h5 49. Re1 Qb4 50. Re8+ Kh7 51. Qf3 Qb1+ 52. Kg2 Qb2+ 53. Re2 Qe5 54. Rxe5 Bxe5 55. f8=Q g5 56. Q3f7+ Bg7 57. Q8xg7# 1-0


[Site "https://www.chess.com"]

[Event "Titled Tuesday Blitz March 14 Early 2023"]
[White "Liu, Casper"]
[Black "Gontcharov, Vladislav"]
[WhiteFideId "1454153"]
[BlackFideId "4123492"]
[WhiteElo "2221"]
[BlackElo "2470"]
[Result "0-1"]
[Round "02"]
[TimeControl "180+2"]
[Date "2023.03.14"]
[WhiteClock "0:01:03"]
[BlackClock "0:00:49"]

1. d4 Nf6 2. c4 e6 3. Nc3 Bb4 4. Bg5 c5 5. d5 h6 6. Bxf6 Qxf6 7. Qd3 exd5 8. cxd5 O-O 9. Nf3 d6 10. O-O-O Bxc3 11. Qxc3 Qxc3+ 12. bxc3 Re8 13. Nd2 b5 14. e4 a6 15. a4 Bd7 16. f3 c4 17. Be2 f5 18. Kb2 Ra7 19. axb5 axb5 20. Ra1 Rb7 21. Ra8 Rb6 22. Rha1 fxe4 23. fxe4 Rf8 24. Bf3 g5 25. h3 Kg7 26. R1a7 Rf7 27. Nf1 Be8 28. Ne3 Rxa7 29. Rxa7+ Kf6 30. Ng4+ Kg6 31. e5 Nd7 32. Be4+ Kh5 33. Rxd7 Bxd7 34. Nf6+ Kh4 35. Nxd7 Rb7 36. e6 b4 37. e7 bxc3+ 38. Kc1 Rxd7 39. e8=Q Ra7 40. Bf3 Kg3 41. Qe1+ Kh2 42. Qf2 Ra1+ 43. Kc2 Ra2+ 44. Kxc3 Rxf2 45. Kxc4 Rc2+ 46. Kd3 Rxg2 47. Bxg2 Kxg2 48. Ke4 Kxh3 49. Kf5 g4 50. Ke6 g3 51. Kxd6 g2 52. Ke6 g1=Q 53. d6 Qe3+ 0-1


[Site "https://www.chess.com"]

[Event "Titled Tuesday Blitz March 14 Early 2023"]
[White "Lopez Mulet, Inigo"]
[Black "Skuhala, Barbara"]
[WhiteFideId "22235620"]
[BlackFideId "14605465"]
[WhiteElo "2289"]
[BlackElo "2072"]
[Result "1-0"]
[Round "02"]
[TimeControl "180+2"]
[Date "2023.03.14"]
[WhiteClock "0:00:54"]
[BlackClock "0:00:13"]

1. b3 Nf6 2. Bb2 e6 3. Nf3 d5 4. e3 Be7 5. c4 O-O 6. Be2 b6 7. O-O Bb7 8. a4 c5 9. a5 Nc6 10. a6 Bc8 11. cxd5 exd5 12. Bb5 Bd7 13. d3 Bd6 14. Nbd2 Qe7 15. Re1 Rfe8 16. h3 Rad8 17. e4 dxe4 18. dxe4 Ne5 19. Bxd7 Rxd7 20. Qe2 Red8 21. Nc4 Nxc4 22. Qxc4 Bc7 23. e5 Nd5 24. Rad1 Nb4 25. Rxd7 Rxd7 26. Bc3 h6 27. Bxb4 cxb4 28. g3 Qe6 29. Qxe6 fxe6 30. Re3 Rd1+ 31. Re1 Rd3 32. Re3 Rd1+ 33. Kg2 Ra1 34. Nd4 Bd8 35. Nxe6 Be7 36. Nc7 Kf7 37. Rf3+ Kg6 38. e6 Re1 39. Rd3 Kf6 40. g4 Bc5 41. Rd7 Re2 42. Rf7+ Kg6 43. Kf1 Ra2 44. f4 Rb2 45. f5+ Kg5 46. Nd5 Rxb3 47. Rxg7+ Kh4 48. f6 Rb1+ 49. Ke2 b3 50. e7 b2 51. Nc3 Bd4 52. Nxb1 1-0


[Site "https://www.chess.com"]

[Event "Titled Tuesday Blitz March 14 Early 2023"]
[White "Rostomyan, Mikayel"]
[Black "Sokac, Marko"]
[WhiteFideId "13313754"]
[BlackFideId "14531356"]
[WhiteElo "2009"]
[BlackElo "2355"]
[Result "0-1"]
[Round "02"]
[TimeControl "180+2"]
[Date "2023.03.14"]
[WhiteClock "0:00:03"]
[BlackClock "0:00:16"]

1. e4 d6 2. d4 Nf6 3. Nc3 c6 4. Nf3 Bg4 5. Be2 e6 6. O-O Be7 7. a4 d5 8. exd5 cxd5 9. h3 Bxf3 10. Bxf3 Nc6 11. Ne2 O-O 12. Be3 Rc8 13. c3 Bd6 14. Bf4 Bxf4 15. Nxf4 Qd6 16. Nd3 Nd7 17. Re1 Rfe8 18. g3 f6 19. Nf4 Nf8 20. Kg2 Rcd8 21. Qd2 Ne7 22. Re2 e5 23. dxe5 fxe5 24. Nxd5 Nxd5 25. Rd1 e4 26. Bxe4 Rxe4 27. Rxe4 Ne3+ 28. Qxe3 Qxd1 29. Re7 Rd7 30. Rxd7 Qxd7 31. Qxa7 Ne6 32. Qb8+ Kf7 33. Qe5 Qxa4 34. Qf5+ Ke7 35. Qxh7 Qc6+ 36. Kh2 Qf3 37. Kg1 Qd1+ 38. Kh2 Qd2 39. Qh4+ Kd7 40. Qa4+ Ke7 41. Qb4+ Kf6 42. Kg1 Qd1+ 43. Kh2 Qd5 44. h4 Qf3 45. Kg1 Qd1+ 46. Kh2 Qd5 47. c4 Qf3 48. Kg1 Ke5 49. Qb5+ Kd4 50. Qd7+ Ke5 51. Qb5+ Kf6 52. c5 Qd1+ 53. Kh2 Qd5 54. Qb4 Nd4 55. Qb6+ Kf5 56. Qc7 Nf3+ 57. Kh3 Ng5+ 58. hxg5 Qh1# 0-1


[Site "https://www.chess.com"]

[Event "Titled Tuesday Blitz March 14 Early 2023"]
[White "Tokhirjonova, Gulrukhbegim"]
[Black "Buscar, Michael"]
[WhiteFideId "14203626"]
[BlackFideId "2603616"]
[WhiteElo "2268"]
[BlackElo "2010"]
[Result "1-0"]
[Round "02"]
[TimeControl "180+2"]
[Date "2023.03.14"]
[WhiteClock "0:02:04"]
[BlackClock "0:01:31"]

1. e4 c5 2. Nf3 Nc6 3. Nc3 Nf6 4. Bc4 Nxe4 5. Bxf7+ Kxf7 6. Nxe4 d5 7. Nxc5 e5 8. Nb3 Bg4 9. h3 Bh5 10. g4 Bg6 11. d4 e4 12. Ne5+ Nxe5 13. dxe5 h5 14. Be3 hxg4 15. Qxg4 Qc8 16. Qf4+ Qf5 17. O-O-O Qxf4 18. Bxf4 Rd8 19. Rhg1 Rxh3 20. e6+ 1-0


[Site "https://www.chess.com"]

[Event "Titled Tuesday Blitz March 14 Early 2023"]
[White "Jiganchine, Roman"]
[Black "Safin, Robert"]
[WhiteFideId "2603667"]
[BlackFideId "34189120"]
[WhiteElo "2314"]
[BlackElo "2245"]
[Result "0-1"]
[Round "02"]
[TimeControl "180+2"]
[Date "2023.03.14"]
[WhiteClock "0:00:05"]
[BlackClock "0:00:24"]

1. e4 c6 2. d4 d5 3. exd5 cxd5 4. Nf3 Nc6 5. c4 Nf6 6. Nc3 e6 7. cxd5 Nxd5 8. Bd3 Be7 9. O-O O-O 10. Re1 Nf6 11. a3 b6 12. Bc2 Bb7 13. Qd3 g6 14. Bh6 Re8 15. Rad1 Rc8 16. Ba4 a6 17. h3 b5 18. Bc2 b4 19. Na4 Nd5 20. Nc5 Qb6 21. Nxe6 fxe6 22. Rxe6 Bf6 23. Rde1 Rxe6 24. Rxe6 Qd8 25. Bb3 Na5 26. Rxf6 Qxf6 27. Ne5 Nxb3 28. Qxb3 g5 29. axb4 Qxh6 0-1


[Site "https://www.chess.com"]

[Event "Titled Tuesday Blitz March 14 Early 2023"]
[White "Asavasaetakul, Chawit"]
[Black "Perez Rodriguez, Jennifer"]
[WhiteFideId "6204856"]
[BlackFideId "3507831"]
[WhiteElo "1919"]
[BlackElo "2170"]
[Result "0-1"]
[Round "02"]
[TimeControl "180+2"]
[Date "2023.03.14"]
[WhiteClock "0:00:15"]
[BlackClock "0:00:28"]

1. e4 e5 2. Nf3 Nc6 3. Bc4 Bc5 4. c3 Nf6 5. d4 exd4 6. cxd4 Bb4+ 7. Nc3 Nxe4 8. O-O Bxc3 9. d5 Bf6 10. Re1 O-O 11. Rxe4 Ne7 12. d6 cxd6 13. Qxd6 Nf5 14. Qd5 d6 15. Ng5 Nh6 16. Bf4 Bf5 17. Nxf7 Rxf7 18. Bxh6 Bxe4 19. Qxf7+ Kh8 20. Bf4 d5 21. Bb3 Bxb2 22. Rd1 Qf6 23. Qxb7 Rf8 24. Be3 Qg6 25. g3 Qh5 26. Rxd5 Bxd5 27. Qxd5 Qxd5 28. Bxd5 a5 29. Kg2 a4 30. Bc6 a3 31. Bd5 Rd8 32. Bb3 Bd4 33. Kf3 Bxe3 34. fxe3 g6 35. Bc4 Kg7 36. e4 Rd2 37. h4 Kf6 38. Kf4 Rf2+ 39. Ke3 Rc2 40. Bg8 Ke5 41. Kd3 Rg2 42. Kc4 Rxa2 43. Bxh7 Rc2+ 44. Kb3 a2 45. Kxc2 a1=Q 46. Bxg6 Qd4 47. Bf5 Qf2+ 48. Kd3 Qxg3+ 0-1


[Site "https://www.chess.com"]

[Event "Titled Tuesday Blitz March 14 Early 2023"]
[White "Sovetbekova, Nurai"]
[Black "Ginzburg, Yakov"]
[WhiteFideId "13801910"]
[BlackFideId "4157176"]
[WhiteElo "1857"]
[BlackElo "2305"]
[Result "1-0"]
[Round "02"]
[TimeControl "180+2"]
[Date "2023.03.14"]
[WhiteClock "0:00:10"]
[BlackClock "0:00:17"]

1. d4 d5 2. c4 c6 3. Nf3 Nf6 4. g3 g6 5. Qa4 Nbd7 6. cxd5 cxd5 7. Bg2 Bg7 8. O-O O-O 9. Nc3 Nb6 10. Qb3 Ne4 11. Bf4 Bf5 12. Rac1 Rc8 13. Nb5 Nc4 14. Nxa7 Ra8 15. Nb5 Qa5 16. a3 Rfc8 17. Nc3 Nxc3 18. Rxc3 Be4 19. Rfc1 Bxf3 20. Bxf3 Bxd4 21. R3c2 e5 22. Bd2 Qc5 23. e3 Nxd2 24. Rxc5 Nxb3 25. Rxc8+ Rxc8 26. Rxc8+ Kg7 27. exd4 e4 28. Bd1 Nxd4 29. Rd8 f5 30. Rxd5 Ne6 31. Rd7+ Kf6 32. Rxb7 Ke5 33. Kf1 Kd4 34. Ke2 g5 35. Rxh7 f4 36. Rd7+ Kc5 37. Kd2 Kc6 38. Re7 Nc5 39. Kc3 Kd6 40. Rg7 Ne6 41. Rg6 Ke5 42. Rxe6+ Kxe6 43. gxf4 gxf4 44. Kd4 Kf5 45. Bc2 f3 46. Bxe4+ Kf4 47. Bxf3 Kxf3 48. a4 Kxf2 49. a5 1-0


[Site "https://www.chess.com"]

[Event "Titled Tuesday Blitz March 14 Early 2023"]
[White "Riff, Vincent"]
[Black "Levitan, Caleb Levi"]
[WhiteFideId "617776"]
[BlackFideId "14332620"]
[WhiteElo "2369"]
[BlackElo "1963"]
[Result "1-0"]
[Round "02"]
[TimeControl "180+2"]
[Date "2023.03.14"]
[WhiteClock "0:01:22"]
[BlackClock "0:00:13"]

1. e4 b6 2. d4 Bb7 3. Bd3 d5 4. e5 c5 5. e6 fxe6 6. c3 Nf6 7. Nf3 g6 8. h4 Bg7 9. Ne5 Nc6 10. h5 Nxe5 11. dxe5 Nxh5 12. Rxh5 gxh5 13. Bb5+ Kf8 14. Qxh5 a6 15. Be2 Qe8 16. Qh3 Qg6 17. f4 d4 18. g4 Qe4 19. Nd2 Qh1+ 20. Qxh1 Bxh1 21. cxd4 cxd4 22. Nb3 Rd8 23. Bxa6 Bf3 24. g5 h6 25. Kf2 Be4 26. g6 Bxg6 27. Bd2 Bc2 28. Bc4 Bxb3 29. axb3 Kf7 30. f5 Bxe5 31. Bxe6+ Kf6 32. Rg1 Bd6 33. Kf3 Bc5 34. Rg6+ Ke5 35. Bf4# 1-0


[Site "https://www.chess.com"]

[Event "Titled Tuesday Blitz March 14 Early 2023"]
[White "Fajdetic, Hrvoje"]
[Black "Yurovskykh, Oleksandr"]
[WhiteFideId "14501945"]
[BlackFideId "14134020"]
[WhiteElo "2185"]
[BlackElo "2268"]
[Result "0-1"]
[Round "02"]
[TimeControl "180+2"]
[Date "2023.03.14"]
[WhiteClock "0:00:05"]
[BlackClock "0:00:09"]

1. d4 d5 2. Bf4 c5 3. e3 Nc6 4. Nc3 cxd4 5. exd4 Bf5 6. Bd3 Bxd3 7. Qxd3 e6 8. Nf3 Bd6 9. Bg3 Nge7 10. Bh4 a6 11. O-O Qc7 12. Bxe7 Nxe7 13. Rfe1 O-O 14. Ne2 Rfc8 15. c3 b5 16. a3 Nc6 17. Ng3 Na5 18. Ng5 g6 19. h4 Nc4 20. Re2 Bf4 21. Nh3 Bxg3 22. fxg3 a5 23. Rf1 b4 24. Ref2 Nd6 25. axb4 axb4 26. Ng5 Rf8 27. h5 Qc4 28. Qe3 Rae8 29. Qe5 Nf5 30. g4 f6 31. Qh2 fxg5 32. hxg6 hxg6 33. gxf5 exf5 34. Qd6 Kg7 35. g4 Re4 36. gxf5 Rg4+ 37. Rg2 Rxg2+ 38. Kxg2 Qe2+ 39. Rf2 Qe4+ 40. Kf1 Rxf5 41. Qd7+ Kh6 42. Rxf5 gxf5 0-1


[Site "https://www.chess.com"]

[Event "Titled Tuesday Blitz March 14 Early 2023"]
[White "Zaksaite, Salomeja"]
[Black "Reprintsev, Alexander"]
[WhiteFideId "12801496"]
[BlackFideId "14100541"]
[WhiteElo "2059"]
[BlackElo "2229"]
[Result "0-1"]
[Round "02"]
[TimeControl "180+2"]
[Date "2023.03.14"]
[WhiteClock "0:00:22"]
[BlackClock "0:01:50"]

1. e4 e5 2. Nf3 Nc6 3. Bc4 Nf6 4. d3 h6 5. c3 d6 6. Nbd2 g6 7. Qb3 Qd7 8. Qc2 Na5 9. b4 Nxc4 10. Nxc4 Bg7 11. h3 O-O 12. Be3 b5 13. Nb2 Bb7 14. O-O Rfe8 15. a4 d5 16. axb5 dxe4 17. dxe4 Bxe4 18. Qe2 Nd5 19. Bxa7 Nxc3 20. Qe3 Bxf3 21. Qxf3 e4 22. Qe3 Nxb5 23. Rad1 Qf5 24. Nc4 Nxa7 0-1


[Site "https://www.chess.com"]

[Event "Titled Tuesday Blitz March 14 Early 2023"]
[White "Taboas Rodriguez, Daniel"]
[Black "Smith, Garrett L"]
[WhiteFideId "2208466"]
[BlackFideId "2024829"]
[WhiteElo "2365"]
[BlackElo "2267"]
[Result "1-0"]
[Round "02"]
[TimeControl "180+2"]
[Date "2023.03.14"]
[WhiteClock "0:01:24"]
[BlackClock "0:00:28"]

1. d4 Nf6 2. Nf3 g6 3. c4 Bg7 4. Nc3 d5 5. cxd5 Nxd5 6. e4 Nxc3 7. bxc3 c5 8. Be3 O-O 9. Be2 Qa5 10. O-O Nd7 11. Qb3 Nf6 12. Bd3 b6 13. e5 Be6 14. c4 Ng4 15. d5 Nxe3 16. fxe3 Bg4 17. Qb2 Bh6 18. Rae1 Rab8 19. h3 Bd7 20. e4 b5 21. cxb5 Bxb5 22. Bxb5 Rxb5 23. Qc2 Rfb8 24. Rb1 Qa3 25. d6 Be3+ 26. Kh1 exd6 27. exd6 Rxb1 28. Rxb1 Rd8 29. e5 Bf4 30. Qc4 Qe3 31. Rb7 Qc1+ 32. Qxc1 Bxc1 33. Rxa7 Bf4 34. Rc7 Be3 35. g4 Kf8 36. Kg2 Ke8 37. a4 Ra8 38. Re7+ Kf8 39. Rc7 Rxa4 40. Rc8+ 1-0


[Site "https://www.chess.com"]

[Event "Titled Tuesday Blitz March 14 Early 2023"]
[White "Botez, Alexandra"]
[Black "Loiacono, Antonio"]
[WhiteFideId "2603365"]
[BlackFideId "895415"]
[WhiteElo "2059"]
[BlackElo "2257"]
[Result "0-1"]
[Round "02"]
[TimeControl "180+2"]
[Date "2023.03.14"]
[WhiteClock "0:00:09"]
[BlackClock "0:00:10"]

1. d4 Nf6 2. c4 c5 3. d5 b5 4. cxb5 a6 5. bxa6 g6 6. Nf3 Bg7 7. g3 O-O 8. Bg2 d6 9. O-O Nxa6 10. Nc3 Bf5 11. Ne1 Qd7 12. e4 Bh3 13. Rb1 Rfb8 14. a3 Nc7 15. Qc2 Bxg2 16. Kxg2 Nb5 17. Nxb5 Qxb5 18. b3 Qa6 19. Nf3 Rb7 20. Re1 Rab8 21. Nd2 Nd7 22. Bb2 Bxb2 23. Qxb2 Ne5 24. Re3 Ra8 25. Ra1 Ng4 26. Ree1 Qd3 27. h3 Ne5 28. Re3 Qb5 29. Qc2 Rba7 30. a4 Qb4 31. f4 Nd7 32. Nc4 Rb7 33. Rf1 Nb6 34. Nxb6 Qxb6 35. Ref3 Rab8 36. f5 Qd8 37. Qd2 f6 38. fxg6 hxg6 39. Qh6 Qe8 40. h4 Qf7 41. Qd2 Qg7 42. Qc3 Rb4 43. Re3 Qf7 44. Qc2 Qg7 45. Rfe1 Qh6 46. Rf3 Qh5 47. Ree3 Qe5 48. Qf2 Kg7 49. Kh3 R4b7 50. g4 Rh8 51. Qg3 Qa1 52. Kg2 Rbb8 53. Qf2 Qd4 54. Re1 Qe5 55. Qg3 Rbf8 56. Re2 Qd4 57. Qf2 Qxf2+ 58. Rexf2 Rxh4 59. Rg3 Rfh8 60. Kf3 Rh1 61. Ra2 Rb1 62. a5 Ra8 63. Kg2 Rc1 64. Rf3 c4 65. bxc4 Rxc4 66. a6 Rxe4 67. a7 Rb4 68. Rc3 Rb7 69. Re3 Rbxa7 70. Rae2 Re8 71. Kg3 Kf7 72. Rh2 Kg7 73. Rhe2 Rd7 74. Rh2 e5 75. dxe6 Rde7 76. Rhe2 f5 77. gxf5 gxf5 78. Kf4 Kf6 79. Rh2 Rxe6 80. Rh6+ Kf7 81. Rh7+ Kg6 82. Rxe6+ Rxe6 83. Rd7 Re4+ 84. Kf3 Rd4 85. Re7 Kf6 86. Re8 Rd5 87. Kf4 Rd4+ 88. Kf3 Re4 89. Rd8 Ke6 90. Re8+ Kd5 91. Rf8 Re5 92. Ra8 Kc5 93. Ra4 d5 94. Kf4 Re4+ 95. Rxe4 fxe4 96. Ke3 Kc4 0-1


[Site "https://www.chess.com"]